 Dungeon Crawl Stone Soup version 0.26-a0-778-g3fe0686644 (webtiles) character file.

Game seed: 11004241101996515498

14279 mandarbmax the Grappler (level 12, -19/106 HPs)
             Began as a Ghoul Monk on Nov 8, 2020.
             Was a High Priest of Okawaru.
             Demolished by a skeletal warrior
             ... wielding a +1 glaive of protection
             ... led by a skeletal warrior
              (22 damage)
             ... on level 12 of the Dungeon on Nov 10, 2020.
             The game lasted 00:32:46 (11975 turns).

mandarbmax the Grappler (Ghoul Monk)               Turns: 11975, Time: 00:32:46

Health: -19/106    AC: 20    Str: 18    XL:     12   Next: 14%
Magic:  0/15       EV: 12    Int:  8    God:    Okawaru [*****.]
Gold:   574        SH:  0    Dex:  9    Spells: 11/11 levels left

rFire    + . .     SeeInvis .     - Unarmed
rCold    + + .     Faith    .   (no shield)
rNeg     + + +     Spirit   +   o - +1 chain mail {rF+}
rPois    ∞         Reflect  .   E - +2 helmet {Int+3}
rElec    +         Harm     .   j - +0 cloak
rCorr    .         Rampage  .   (no gloves)
MR       .....                  C - +1 pair of boots
Stlth    ..........             p - amulet of guardian spirit
HPRegen  0.00/turn              r - ring of flight
MPRegen  0.14/turn              A - ring "Xutat" {rElec rPois rC+ Dex-4}

@: heroism, finesse
A: rotting body, claws 1, cold resistance 1, negative energy resistance 3,
inhibited regeneration, torment resistance, unbreathing
a: Heroism, Finesse, Renounce Religion, Evoke Flight


You were on level 12 of the Dungeon.
You worshipped Okawaru.
Okawaru was extremely pleased with you.
You visited 2 branches of the dungeon, and saw 13 of its levels.
You visited the Abyss 1 time.
You also visited: Ice Cave.

You collected 688 gold pieces.
You spent 114 gold pieces at shops.

Inventory:

Hand Weapons
 a - a +2 longbow of flaming
Missiles
 f - 20 arrows
 l - a throwing net (quivered)
 x - 24 poisoned darts
 y - 6 curare-tipped darts
 F - 6 boomerangs of dispersal
Armour
 j - a +0 cloak (worn)
 o - a +1 chain mail of fire resistance (worn)
 C - a +1 pair of boots (worn)
 E - a +2 helmet of intelligence (worn)
Jewellery
 p - an amulet of guardian spirit (around neck)
 r - a ring of flight (left claw)
 A - the ring "Xutat" (right claw) {rElec rPois rC+ Dex-4}
   (You found it on level 9 of the Dungeon)

   [ring of protection from cold]

   It affects your dexterity (-4).
   It protects you from cold.
   It insulates you from electricity.
   It protects you from poison.
Wands
 e - a wand of paralysis (3)
 t - a wand of disintegration (16)
 u - a wand of enslavement (15)
 z - a wand of random effects (22)
 D - a wand of flame (34)
 G - a wand of digging (4)
Scrolls
 d - 8 scrolls of remove curse
 g - a scroll of identify
 i - a scroll of fog
 q - 2 scrolls of fear
 B - 2 scrolls of teleportation
Potions
 b - 4 potions of brilliance
 c - 3 potions of attraction
 h - 5 potions of curing
 m - a potion of cancellation
 s - a potion of haste
 v - a potion of resistance
 w - a potion of magic


   Skills:
 - Level 10.0(15.0) Fighting
 + Level 8.1(13.1) Bows
 - Level 6.0(11.0) Armour
 - Level 6.0(11.0) Dodging
 - Level 2.1(7.1) Stealth
 - Level 12.0(17.0) Unarmed Combat
 - Level 6.0 Invocations


You had 11 spell levels left.
You didn't know any spells.
Your spell library contained the following spells:

 Spells                   Type           Power        Failure   Level
 Freeze                   Ice            #...         98%         1
 Magic Dart               Conj           #...         98%         1
 Blink                    Tloc           N/A          99%         2
 Call Imp                 Summ           #.......     99%         2
 Slow                     Hex            #.......     99%         2
 Conjure Flame            Conj/Fire      #.......     100%        3
 Frozen Ramparts          Ice            #.....       100%        3
 Mephitic Cloud           Conj/Pois/Air  #.......     100%        3
 Ozocubu's Armour         Ice            #.......     100%        3
 Hailstorm                Conj/Ice       #.......     100%        4
 Summon Ice Beast         Ice/Summ       #.......     100%        4
 Irradiate                Conj/Tmut      #.........   100%        5
 Hydra Form               Tmut           Unusable     N/A         6
 Statue Form              Tmut/Erth      Unusable     N/A         6
 Dragon Form              Tmut           Unusable     N/A         7

Dungeon Overview and Level Annotations

Branches:
Dungeon (12/15)            Temple (1/1) D:4            Lair (0/6) D:10
    Orc (0/2) D:10          IceCv (visited)

Altars:
Ashenzari
Dithmenos
Fedhas
Gozag
Hepliaklqana
Makhleb
Okawaru
Qazlal
Ru
Sif Muna
Uskayaw
Wu Jian
Zin
The Shining One

Shops:
D:4 [?


Innate Abilities, Weirdness & Mutations

Your body is rotting away.
You thrive by killing the living.
You are immune to poison.
You have sharp fingernails.
Your flesh is cold resistant. (rC+)
You are immune to negative energy. (rN+++)
You do not regenerate when monsters are visible.
You are immune to unholy pain and torment.
You can survive without breathing.


Message History

The skeletal warrior barely misses you.
You barely miss the skeletal warrior.
The skeletal warrior hits you but does no damage.
You barely miss the skeletal warrior. You mangle the skeletal warrior!!
The skeletal warrior is heavily damaged.
You scratch the skeletal warrior but do no damage.
You claw the skeletal warrior, but do no damage.
The skeletal warrior is heavily damaged.
The skeletal warrior hits you with a +0 hand axe.
* * * LOW HITPOINT WARNING * * *
The skeletal warrior hits you with a +1 glaive of protection!
* * * LOW HITPOINT WARNING * * *
The skeletal warrior barely misses you.
The skeletal warrior hits you from afar with a +1 glaive of protection!
* * * LOW HITPOINT WARNING * * *
The quokka bites you but does no damage.
Unknown command.
The skeletal warrior hits you from afar with a +1 glaive of protection!!
You die...

......######### ##
............... .#
...........# .#
.......<...## .#
...###......#### .#
##.........# .#
........^..#.##.#####
#####.###.....)......
#. ##.@...##.###)......
#.##.8r..8.#...........
#..#..zzz..#.#.†.......
#......z.......#..##.##
#.##.......#...##.# ..#
# #.8...8.#..<.[.[. ..
. ##.....####.#....# .
....####.### #.#.##...
...$......# #.# . ...


You could see 4 skeletal warriors and a quokka.

Vanquished Creatures
  Harold (D:7)
  An ice dragon (D:11)
  2 two-headed ogres
  2 ugly things (IceCv)
  2 deep elf magi (D:10)
  3 ice statues (IceCv)
  A redback zombie (D:9)
  A hornet (D:11)
  3 polar bears (D:11)
  Grinder (D:4)
  Sigmund (D:3)
  A wyvern (D:9)
  A vampire (D:10)
  15 yaks
  A water moccasin (D:9)
  A swamp drake (D:10)
  7 ice beasts
  An orc warrior (D:10)
  A necrophage (D:6)
  A sky beast (D:7)
  6 ogres
  2 wolves (D:11)
  2 phantoms
  3 centaurs
  The ghost of Eryximachus the Changer, an amateur OpTm (D:3)
  A gnoll sergeant (D:10)
  4 bullfrogs
  2 wyvern zombies
  A wyvern skeleton (D:6)
  5 scorpions
  3 killer bees (D:10)
  14 wights
  A howler monkey (D:5)
  A crimson imp (D:10)
  3 centaur zombies
  4 hounds
  2 jellies (D:10)
  A bullfrog skeleton (D:10)
  5 orc priests
  An iron imp (D:10)
  7 orc wizards
  Jessica (D:2)
  2 iguanas (D:7)
  9 worker ants
  2 hound skeletons
  A worker ant zombie (D:4)
  2 howler monkey skeletons
  12 adders
  13 gnolls
  4 shadow imps
  A white imp (D:10)
  2 ufetubi
  An ooze (D:2)
  An adder zombie (D:7)
  2 adder skeletons
  A worm (D:3)
  5 leopard geckos
  44 orcs
  A ball python (D:1)
  5 bats
  4 giant cockroaches
  4 hobgoblins
  9 jackals
  17 kobolds
  2 quokkas
  6 frilled lizards
  8 goblins
  A leopard gecko skeleton (D:5)
  A leopard gecko zombie (D:5)
  A quokka skeleton (D:9)
  2 rats (D:2)
280 creatures vanquished.

Vanquished Creatures (others)
  An orc (D:10)
  3 fungi (D:3)
  A plant (D:3)
5 creatures vanquished.

Grand Total: 285 creatures vanquished

Notes
Turn   | Place    | Note
-------+----------+-------------------------------------------
     0 | D:1      | mandarbmax the Ghoul Monk began the quest for the Orb.
     0 | D:1      | Reached XP level 1. HP: 19/19 MP: 0/0
    95 | D:1      | Reached XP level 2. HP: 26/26 MP: 1/1
   611 | D:1      | Reached skill level 4 in Unarmed Combat
   724 | D:2      | Noticed Jessica
   731 | D:2      | Killed Jessica
   731 | D:2      | Reached XP level 3. HP: 31/31 MP: 2/2
   793 | D:2      | Found a shimmering blue altar of Sif Muna.
   818 | D:2      | Reached skill level 5 in Unarmed Combat
   867 | D:2      | Reached XP level 4. HP: 27/38 MP: 3/3
  1268 | D:3      | Noticed Sigmund
  1405 | D:3      | Killed Sigmund
  1405 | D:3      | Reached skill level 7 in Unarmed Combat
  1405 | D:3      | Reached XP level 5. HP: 35/45 MP: 4/4
  1405 | D:3      | Reached XP level 6. HP: 39/51 MP: 5/5
  1691 | D:3      | Found an ornate altar of the Wu Jian Council.
  1764 | D:3      | Found a runed translucent gate.
  1766 | D:3      | Found a runed translucent gate.
  1766 | D:3      | Noticed Eryximachus's ghost (amateur OpTm)
  1767 | D:3      | Found a runed translucent gate.
  2134 | D:4      | Reached skill level 1 in Armour
  2193 | D:3      | Cast into level 1 of the Abyss (kobold)
  2230 | Abyss:1  | Found a corrupted altar of Lugonu.
  2260 | D:3      | Escaped the Abyss
  2268 | D:3      | Paralysed by a kobold for 3 turns
  2281 | D:3      | Killed Eryximachus's ghost
  2448 | D:4      | Reached XP level 7. HP: 57/57 MP: 6/6
  2456 | D:4      | Found Zudiebb's Magic Scroll Shoppe.
  2459 | D:4      | Bought a scroll of identify for 28 gold pieces
  2459 | D:4      | Bought a scroll of fog for 28 gold pieces
  2477 | D:4      | Noticed Grinder
  2480 | D:4      | Paralysed by Grinder for 7 turns
  2504 | D:4      | Killed Grinder
  2504 | D:4      | Reached skill level 8 in Unarmed Combat
  2764 | D:4      | Found a hazy altar of Hepliaklqana.
  2842 | D:4      | Found a staircase to the Ecumenical Temple.
  2850 | Temple   | Entered the Ecumenical Temple
  2908 | Temple   | Became a worshipper of Warmaster Okawaru
  2908 | Temple   | Reached * piety under Okawaru
  2908 | Temple   | Reached ** piety under Okawaru
  3067 | D:4      | Found Uxkalaq's Armour Shop.
  3071 | D:4      | Noticed a two-headed ogre
  3087 | D:4      | Killed a two-headed ogre
  3087 | D:4      | Reached *** piety under Okawaru
  3087 | D:4      | Received a gift from Okawaru
  3087 | D:4      | Reached skill level 10 in Unarmed Combat
  3087 | D:4      | Reached XP level 8. HP: 66/66 MP: 7/7
  3097 | D:4      | Bought a +0 cloak for 58 gold pieces
  3192 | D:4      | Reached skill level 11 in Unarmed Combat
  3408 | D:5      | Entered Level 5 of the Dungeon
  3411 | D:5      | Found a stormy altar of Qazlal.
  3588 | D:5      | Found a blossoming altar of Fedhas.
  3676 | D:5      | Reached XP level 9. HP: 59/71 MP: 8/8
  3933 | D:5      | Found a blossoming altar of Fedhas.
  4298 | D:6      | Reached **** piety under Okawaru
  4300 | D:6      | Found a glowing silver altar of Zin.
  4388 | D:6      | Reached skill level 12 in Unarmed Combat
  5066 | D:6      | Found a glowing golden altar of the Shining One.
  5589 | D:7      | Reached skill level 5 in Fighting
  5754 | D:7      | Found an iron altar of Okawaru.
  5815 | D:7      | Noticed Harold
  5834 | D:7      | Killed Harold
  5834 | D:7      | Reached XP level 10. HP: 39/83 MP: 6/11
  6294 | D:7      | Reached skill level 5 in Dodging
  6333 | D:7      | Reached skill level 5 in Armour
  6979 | D:8      | Found a sacrificial altar of Ru.
  7207 | D:8      | Found a shadowy altar of Dithmenos.
  7496 | D:8      | Found a burning altar of Makhleb.
  7496 | D:8      | Noticed a balrug
  7500 | D:8      | Noticed a smoke demon
  7996 | D:9      | Got a scorched ring mail
  8007 | D:9      | Identified the +2 ring mail "Leprukist" {Int+5 SInv} (You
                  | found it on level 9 of the Dungeon)
  8412 | D:9      | Reached ***** piety under Okawaru
  8477 | D:9      | Got a twitching jade ring
  8517 | D:9      | Identified the ring "Xutat" {rElec rPois rC+ Dex-4} (You
                  | found it on level 9 of the Dungeon)
  8541 | D:10     | Entered Level 10 of the Dungeon
  8663 | D:10     | Found a staircase to the Orcish Mines.
  8667 | D:10     | Noticed a two-headed ogre
  8698 | D:10     | Killed a two-headed ogre
  8698 | D:10     | Received a gift from Okawaru
  8698 | D:10     | Reached skill level 5 in Invocations
  8938 | D:10     | Reached XP level 11. HP: 80/94 MP: 6/14
  9026 | D:10     | Reached skill level 1 in Bows
  9028 | D:10     | Found Neokul's Antique Weapon Boutique.
  9201 | D:10     | Found a staircase to the Lair.
  9421 | D:10     | Noticed a deep elf mage
  9427 | D:10     | Killed a deep elf mage
  9432 | D:10     | Got a distressingly furry hat
  9438 | D:10     | Identified the cursed -5 hat of Soft Rains {-Cast Dex+5}
                  | (You found it on level 10 of the Dungeon)
  9468 | D:10     | Noticed a deep elf mage
  9476 | D:10     | Killed a deep elf mage
  9910 | D:11     | Found a frozen archway.
  9912 | D:11     | Noticed an ice dragon
  9937 | D:11     | Upgraded the game from 0.26-a0-757-g626ac9e51a to
                  | 0.26-a0-778-g3fe0686644
  9944 | D:11     | Received a gift from Okawaru
  9955 | D:11     | Killed an ice dragon
  9955 | D:11     | Reached skill level 5 in Bows
  9977 | IceCv    | Entered an ice cave
  9997 | IceCv    | Reached skill level 10 in Fighting
 10084 | IceCv    | Noticed a white ugly thing
 10096 | IceCv    | Killed a white ugly thing
 10514 | IceCv    | Noticed a white ugly thing
 10653 | IceCv    | Killed a white ugly thing
 10653 | IceCv    | Reached XP level 12. HP: 29/106 MP: 2/15
 11876 | D:12     | Found an opulent altar of Gozag.
 11972 | D:12     | HP: 3/106 [skeletal warrior/+1 glaive of protection[a
                  | skeletal warrior] (12)]
 11975 | D:12     | Demolished by a skeletal warrior

Illustrated notes

Levels and vault maps discovered:
D:1:      heliophobic_arrival_glass_houses, layout_loops_ring
D:2:      layout_rooms, led_sif_pool, uniq_jessica
D:3:      layout_loops_ring, old_standard_altar, gammafunk_ghost_nasty_kobolds,
          bh_walls_and_bars, uniq_sigmund
D:4:      layout_loops_ring, old_standard_altar, minmay_temple_entry_grid,
          serial_shops, nicolae_shop_trees, nicolae_shop_behind_doors,
          uniq_grinder
D:5:      layout_basic, fedhas_altar_2, grunt_qazlal_sundering, basic_altar
D:6:      layout_basic, lemuel_coloured_pillars_altar, tso_altar
D:7:      layout_layer_cave, okawaru_trees_1, uniq_harold
D:8:      layout_basic, lemuel_doored_altar, makhleb_altar_promises_db,
          grunt_dithmenos_smoke
D:9:      minmay_octagon_keep, layout_rooms
D:10:     layout_roguey, lair_entry_dummy, david_orc_2, serial_shops,
          kennysheep_mini_moat, hangedman_minor_magic
D:11:     layout_basic, portal_ice_cave_entry_animals_and_master
D:12:     layout_rooms, basic_altar, grunt_gozag_statues, uniq_maurice
Temple:   minmay_temple_forest_path

Skill      XL: |  1  2  3  4  5  6  7  8  9 10 11 12 |
---------------+-------------------------------------+-----
Dodging        | 3 4 6 |  6.0
Unarmed Combat | 4 5 7 10 11 12 | 12.0
Armour         | 2 3 4 6 |  6.0
Fighting       | 4 5 7 10 | 10.0
Invocations    | 2 5 6 |  6.0
Bows           | 7 8 |  8.1
Stealth        | |  2.1

Action                   |  1- 3 |  4- 6 |  7- 9 | 10-12 || total
-------------------------+-------+-------+-------+-------++-------
Melee: Unarmed           |    70 |   132 |   305 |   526 ||  1033
       Punch             |     1 |     4 |    10 |    14 ||    29
 Fire: Longbow           |       |       |       |    44 ||    44
Throw: Throwing net      |       |     1 |     1 |     2 ||     4
Invok: Heroism           |       |       |     3 |    10 ||    13
       Finesse           |       |       |       |     2 ||     2
Evoke: Wand              |       |       |     2 |     3 ||     5
  Use: Scroll            |       |    11 |     4 |     9 ||    24
       Potion            |       |     1 |     1 |     2 ||     4
 Stab: Sleeping          |     2 |     1 |       |       ||     3
       Held in net/web   |       |     1 |       |       ||     1
       Paralysed         |       |       |     5 |       ||     5
Armor: Robe              |     3 |     7 |       |       ||    10
       Leather armour    |     6 |    14 |       |       ||    20
       Scale mail        |       |    24 |    11 |       ||    35
       Chain mail        |       |       |   143 |   264 ||   407
Dodge: Dodged            |    42 |    98 |   110 |   199 ||   449
Block: Buckler           |       |       |       |    49 ||    49

Table legend: (Time is in decaauts)
 A = Elapsed time spent in this place.
 B = Non-inter-level travel time spent in this place.
 C = Inter-level travel time spent in this place.
 D = Time resting spent in this place.
 E = Time spent auto-exploring this place.
 F = Levels seen in this place.
 G = Mean time per level.
                   A        B        C        D        E       F      G
               +--------+--------+--------+--------+--------+-----+--------+
         Total |  11765 |  11336 |    429 |   1797 |   7350 |  15 |  784.3 |
       Dungeon |  10576 |  10185 |    391 |   1024 |   7255 |  12 |  881.3 |
        Temple |     95 |     58 |     37 |      0 |     51 |   1 |   95.0 |
         Abyss |     66 |     66 |      0 |      2 |      0 |   1 |   66.0 |
      Ice Cave |   1026 |   1026 |      0 |    771 |     44 |   1 | 1026.0 |
               +--------+--------+--------+--------+--------+-----+--------+

Top non-repeatable levels by time:
     D:7: 1476 daAuts
     D:6: 1201 daAuts
    D:10: 1179 daAuts
    D:11: 1047 daAuts
   IceCv: 1026 daAuts
     D:4: 999 daAuts
     D:3: 921 daAuts
     D:9: 859 daAuts
     D:5: 781 daAuts
     D:8: 727 daAuts
     D:1: 687 daAuts
     D:2: 610 daAuts
  Temple: 95 daAuts
    D:12: 84 daAuts
 Abyss:1: 66 daAuts
